 Dungeon Crawl Stone Soup version 0.27.1-37-g7b29ead8ac (webtiles) character file.

Game seed: 10024065785052796944

34 cbfl8 the Covered (level 3, 33/33 HPs)
             Began as a Minotaur Fighter on Apr 30, 2023.
             Quit the game on level 2 of the Dungeon.
             The game lasted 00:00:47 (1476 turns).

cbfl8 the Covered (Minotaur Fighter)                Turns: 1476, Time: 00:00:48

Health: 33/33      AC:  7    Str: 20    XL:     3   Next: 14%
Magic:  2/2        EV:  7    Int:  5    God:
Gold:   17         SH:  9    Dex: 10    Spells: 2/2 levels left

rFire    . . .     SeeInvis .   a - +0 war axe
rCold    . . .     Faith    .   c - +0 kite shield
rNeg     . . .     Spirit   .   b - +0 scale mail
rPois    .         Reflect  .   (helmet restricted)
rElec    .         Harm     .   (no cloak)
rCorr    .         Rampage  .   (no gloves)
Will     .....                  (no boots)
Stlth    ..........             (no amulet)
HPRegen  0.11/turn              (no ring)
MPRegen  0.08/turn              (no ring)

@: no status effects
A: horns 2, retaliatory headbutt
a: no special abilities


You were on level 2 of the Dungeon.
You visited 1 branch of the dungeon, and saw 2 of its levels.

You collected 17 gold pieces.

Inventory:

Hand Weapons
 a - a +0 war axe (weapon)
Armour
 b - a +0 scale mail (worn)
 c - a +0 kite shield (worn)
Scrolls
 e - a scroll of fear {unknown}
 g - a scroll of enchant weapon {unknown}
 h - 2 scrolls of teleportation {unknown}
 i - a scroll of enchant armour {unknown}
Potions
 d - 2 potions of might
 f - a potion of heal wounds {unknown}


   Skills:
 + Level 4.1 Fighting
 + Level 2.7 Axes
 + Level 4.2 Armour
 + Level 4.0 Shields


You had 2 spell levels left.
You didn't know any spells.
Your spell library contained the following spells:

 Spells                   Type           Power      Damage    Failure   Level
 Call Canine Familiar     Summ           0%         N/A       100%        3
 Portal Projectile        Hex/Tloc       0%         N/A       100%        3
 Leda's Liquefaction      Hex/Erth       0%         N/A       100%        4


Dungeon Overview and Level Annotations

Branches:
Dungeon (2/15)

Altars:


Innate Abilities, Weirdness & Mutations

You have a pair of horns on your head.
You reflexively headbutt those who attack you in melee.


Message History

A bat and a goblin come into view.
The goblin shouts!
You block the bat's attack. The bat hits you but does no damage.
The bat barely misses you.
There are monsters nearby!
Your shield prevents you from hitting the bat.
The bat hits you but does no damage. The bat barely misses you.
You block the bat's attack. The bat barely misses you.
There are monsters nearby!
You slash the bat!
You kill the bat!
The bat hits you but does no damage. x2
There are monsters nearby!
You slash the bat!
You kill the bat!
A goblin is nearby!
You slash the goblin!
You kill the goblin!
Things that are here:
a +0 club; a bat corpse No target in view!
h - 2 scrolls labelled KUUZIE ZIWNAKH (gained 1)
Found a stone staircase leading down.
No target in view!
There is a stone staircase leading down here.
Found 3 gold pieces.
No target in view!
You now have 17 gold pieces (gained 3).
You open the door.
There is an open door here.
d - 2 potions of might (gained 1) Done exploring.
No target in view!
Done exploring.
No target in view!
Done exploring.
No target in view!
Done exploring.
No target in view!
Are you sure you want to abandon this character and quit the game? (Confirm with "yes".)

................# #[....#
.........##..##'#########.....###
.........###.#.........##........
.........# #>#.........##.....##.
.........# #.#...................
.........# #.#.........##...#...#
########## #.#.........##..###.##
#.#.........##..).###.
#.#..@......##..###.##
#.#.........##...#(..#
#.###########..#...#.. #.#
#.###.###. #.# ##...###... #.#
#..#######. #.# #...#...#..
#.##########.#.......#
#.....................


There were no monsters in sight!

Vanquished Creatures
  2 adders (D:2)
  A worm (D:2)
  A dart slug (D:2)
  An orc (D:2)
  A ball python (D:2)
  A giant cockroach (D:2)
  A goblin (D:2)
  2 bats (D:2)
  A rat (D:2)
11 creatures vanquished.

Notes
Turn   | Place    | Note
-------+----------+-------------------------------------------
     0 | D:1      | cbfl8 the Minotaur Fighter began the quest for the Orb.
     0 | D:1      | Reached XP level 1. HP: 19/19 MP: 0/0
   299 | D:2      | Reached XP level 2. HP: 27/27 MP: 1/1
   729 | D:2      | Found a faded altar of an unknown god.
  1200 | D:2      | Reached XP level 3. HP: 33/33 MP: 2/2
  1476 | D:2      | Quit the game

Illustrated notes

Levels and vault maps discovered:
D:1:      dpeg_arrival_water_fire, layout_loops_ring
D:2:      layout_basic, hellmonk_ecumenical_altar_arch_garden, minmay_between

Skill      XL: |  1  2 |
---------------+-------+-----
Armour         | 4 |  4.2
Fighting       | 4 |  4.1
Shields        | 4 |  4.0
Axes           | |  2.7

Action                   || total
-------------------------++-------
Melee: War axe           ||    30
       Headbutt          ||     5
Armor: Scale mail        ||    18
Dodge: Dodged            ||     5
Block: Kite shield       ||    16
